 Dungeon Crawl Stone Soup version 0.23.1 (webtiles) character file.

Game seed: 0

89600 PentaManta the Sharpshooter (level 16, -5/104 HPs)
             Began as a Kobold Hunter on Mar 16, 2019.
             Was a High Priest of Okawaru.
             Slain by a hell hound (9 damage)
             ... led by Azrael
             ... on level 2 of the Spider Nest.
             The game lasted 02:00:23 (28821 turns).

PentaManta the Sharpshooter (Kobold Hunter)        Turns: 28821, Time: 02:00:24

Health: -5/104     AC: 11    Str: 20    XL:     16   Next: 44%
Magic:  14/16      EV: 30    Int: 14    God:    Okawaru [*****.]
Gold:   2014       SH:  0    Dex: 19    Spells: 15/15 levels left

rFire    . . .     SeeInvis +   o - +0 arbalest
rCold    . . .     Gourm    .   (shield currently unavailable)
rNeg     . . .     Faith    .   W - +0 troll leather armour
rPois    +         Spirit   .   H - +1 hat {SInv}
rElec    .         Reflect  .   b - +2 cloak {rPois}
rCorr    .         Harm     .   Q - +2 pair of gloves {archery}
MR       +++..                  n - +1 pair of boots
Stlth    +++.......             G - amulet "Wecik" {RegenMP *Corrode Str+5 Dex+4 Slay+3}
HPRegen  0.67/turn              x - ring of protection from magic
MPRegen  0.40/turn              u - ring of protection from magic

@: finesse, corroded, very slow
A: small, carnivore
a: Heroism, Finesse, Renounce Religion


You were on level 2 of the Spider Nest.
You worshipped Okawaru.
Okawaru was extremely pleased with you.
You were not hungry.

You visited 6 branches of the dungeon, and saw 25 of its levels.
You also visited: Ossuary.

You collected 2014 gold pieces.

Inventory:

Hand Weapons
 k - the +7 hand axe of Axujoomo {chop, rPois}
   (You found it on level 6 of the Dungeon)

   It inflicts extra damage upon your enemies.
   It protects you from poison.
 o - a +0 arbalest (weapon)
 B - a +1 triple crossbow of freezing
Missiles
 I - 116 bolts (quivered)
Armour
 b - a +2 cloak of poison resistance (worn)
 n - a +1 pair of boots (worn)
 H - a +1 hat of see invisible (worn)
 Q - a +2 pair of gloves of archery (worn)
 T - a scarf of cloud immunity
 W - a +0 troll leather armour (worn)
 Y - a +5 crystal plate armour
Jewellery
 c - an uncursed amulet of harm
 u - a ring of protection from magic (right hand)
 x - a ring of protection from magic (left hand)
 C - an uncursed ring of positive energy
 G - the amulet "Wecik" (around neck) {RegenMP *Corrode Str+5 Dex+4 Slay+3}
   (You acquired it on level 6 of the Dungeon)

   [amulet of magic regeneration]

   It increases your magic regeneration.
   It affects your strength (+5).
   It affects your dexterity (+4).
   It affects your accuracy and damage with ranged weapons and melee attacks
   (+3).
   It may corrode you when you take damage.
 X - an uncursed ring of positive energy
Wands
 y - a wand of clouds (5)
 L - a wand of disintegration (8)
 M - a wand of polymorph (11)
 O - a wand of enslavement (4)
 P - a wand of paralysis (15)
 R - a wand of flame (36)
 S - a wand of acid (8)
 U - a wand of digging (4)
Scrolls
 h - 4 scrolls of amnesia
 j - 8 scrolls of magic mapping
 l - 6 scrolls of teleportation
 q - 4 scrolls of fear
 A - 4 scrolls of fog
 D - 7 scrolls of remove curse
 K - 4 scrolls of enchant weapon
 V - a scroll of holy word
Potions
 d - 2 potions of cancellation
 g - 8 potions of curing
 i - 3 potions of berserk rage
 m - 2 potions of ambrosia
 p - a potion of might
 r - 3 potions of flight
 s - a potion of magic
 v - 4 potions of brilliance
 w - a potion of haste
 z - 4 potions of lignification
 E - 4 potions of mutation
 F - 2 potions of resistance
 J - 2 potions of agility
Miscellaneous
 N - a lightning rod (4/4)
 Z - a phantom mirror
Comestibles
 f - 46 rations


   Skills:
 * Level 13.2 Fighting
 - Level 18.0 Crossbows
 * Level 8.2 Armour
 * Level 16.6 Dodging
 + Level 13.7 Stealth


You had 15 spell levels left.
You didn't know any spells.
Your spell library contained the following spells:

 Spells                   Type           Power        Failure   Level  Hunger
 Animate Skeleton         Necr           N/A          32%         1    ##.....
 Apportation              Tloc           #.....       32%         1    ##.....
 Confusing Touch          Hex            #.....       32%         1    ##.....
 Magic Dart               Conj           #...         32%         1    ##.....
 Shock                    Conj/Air       #...         32%         1    ##.....
 Summon Butterflies       Summ           #.......     32%         1    ##.....
 Summon Small Mammal      Summ           #...         32%         1    ##.....
 Blink                    Tloc           N/A          45%         2    ###....
 Call Imp                 Summ           #.......     45%         2    ###....
 Searing Ray              Conj           #.....       45%         2    ###....
 Slow                     Hex            #.......     45%         2    ###....
 Swiftness                Chrm/Air       #.......     45%         2    ###....
 Call Canine Familiar     Summ           #.......     69%         3    ####...
 Conjure Flame            Conj/Fire      #.......     69%         3    ####...
 Dazzling Spray           Conj/Hex       #.....       69%         3    ####...
 Mephitic Cloud           Conj/Pois/Air  #.......     69%         3    ####...
 Static Discharge         Conj/Air       #.......     69%         3    ####...
 Airstrike                Air            #.........   97%         4    #####..
 Force Lance              Conj/Tloc      #.......     97%         4    #####..
 Fulminant Prism          Conj/Hex       #.........   97%         4    #####..
 Iskenderun's Mystic Bla  Conj           #.......     97%         4    #####..
 Summon Ice Beast         Ice/Summ       #.......     97%         4    #####..
 Lightning Bolt           Conj/Air       #.........   100%        5    ######.
 Summon Mana Viper        Hex/Summ       #.......     100%        5    ######.
 Summon Hydra             Summ           #.........   100%        7    #######


Dungeon Overview and Level Annotations

Branches:
Dungeon (14/15)            Temple (1/1) D:7            Lair (6/6) D:11
 Shoals (1/4) Lair:4       Spider (2/4) Lair:3        Slime (0/5) Lair:5
    Orc (1/2) D:9          Vaults (0/5) D:13

Altars:
Ashenzari
Cheibriados
Dithmenos
Elyvilon
Fedhas
Gozag
Hepliaklqana
Kikubaaqudgha
Makhleb
Nemelex Xobeh
Okawaru
Qazlal
Ru
Sif Muna
Trog
Uskayaw
Vehumet
Wu Jian
Xom
Yredelemnul
Zin
The Shining One
Jiyva

Annotations:
Shoals:1 Frances


Innate Abilities, Weirdness & Mutations

You are small and have problems with some larger weapons.
You are carnivorous and can eat meat at any time.


Message History

You are engulfed in a cloud of scalding steam.
* * * LOW HITPOINT WARNING * * *
You feel very sick.
A redback comes into view.
The fire elemental hits you. The fire elemental burns you!
* * * LOW HITPOINT WARNING * * *
The redback is engulfed in a cloud of scalding steam.
The hell hound completely misses you.
A fire elemental comes into view.
Okay, then.
You feel better.
You are engulfed in a cloud of scalding steam.
The fire elemental closely misses you. The hell hound bites you.
* * * LOW HITPOINT WARNING * * *
The redback is engulfed in a cloud of scalding steam.
The fire elemental misses you. The fire elemental hits you.
The fire elemental burns you!
* * * LOW HITPOINT WARNING * * *
The hell hound bites you!
You die...

#............<....^..........#≈##
#......#.....................#≈≈#
...#...............≈.≈..<...#≈≈##
..^...........#.≈≈≈≈≈....#..≈≈##
......##^...≈##≈≈≈≈≈≈≈###≈≈.≈≈#
...#...#...#≈≈≈≈≈≈s≈≈≈≈#≈≈≈≈≈≈≈#
..###.##..≈≈≈≈≈≈≈≈..s≈≈≈≈≈≈≈≈≈##
^.# ##....≈≈≈≈≈(h...≈≈≈≈≈≈≈≈##
### (○≈≈≈#§@E☼...≈.≈≈≈≈## #
.≈E≈≈≈E#E°.....^≈##
.#≈##s#°°..#....≈≈#
##..#.ss..#.### #s.......#..#
.E(........... E..^(##s#.s...
#.#..(.^.#....^ # ##(.. ....###


You could see 3 wolf spiders, 4 fire elementals, 2 jumping spiders, a hell hound
and a redback.

Vanquished Creatures
  Gastronok (Lair:3)
  Azrael (Spider:2)
  A fire dragon (Lair:6)
  Fannar (Lair:2)
  6 hydras
  3 catoblepae
  A centaur warrior (D:13)
  Erica (D:8)
  An ogre mage (D:13)
  3 two-headed ogres
  3 death yaks (Lair:6)
  The ghost of Abelaar the Grappler, a novice TrFi (D:7)
  Nergalle (Lair:3)
  A skeletal warrior (D:13)
  An unseen horror (D:11)
  2 sea snakes (Shoals:1)
  A swamp dragon (Lair:6)
  2 lindwurms
  2 harpies (Shoals:1)
  4 deep elf magi
  An oklob plant (Lair:2)
  4 orb spiders
  5 ugly things
  4 manticores
  A moth of wrath (Spider:1)
  3 cyclopes
  14 wolf spiders
  2 elephants (Lair:6)
  6 black mambas
  2 merfolk sirens (Lair:4)
  17 spiny frogs
  A torpor snail (Lair:6)
  4 rime drakes
  3 yaktaurs (D:13)
  A rime drake (shapeshifter) (D:12)
  3 gargoyles
  2 kobold demonologists
  3 komodo dragons
  5 demonic crawlers
  2 hornets
  8 jumping spiders
  2 merfolk (Lair:4)
  3 meliai (Lair:4)
  A queen bee (Lair:4)
  A wind drake (Shoals:1)
  6 trolls
  Prince Ribbit (D:9)
  A polar bear (shapeshifter) (D:14)
  19 blink frogs
  8 dream sheep (Lair:6)
  Grinder (D:5)
  A slime creature (D:7)
  10 hippogriffs
  A centaur simulacrum (D:14)
  A snapping turtle (Shoals:1)
  21 redbacks
  A vampire (D:9)
  A tarantella (shapeshifter) (D:12)
  7 tarantellas
  2 wraiths
  2 wyverns
  A shadow (D:13)
  22 yaks
  2 water elementals (D:14)
  2 steam dragons
  A vampire mosquito (D:14)
  A fire elemental (Spider:2)
  8 basilisks
  3 acid dragons (Lair:6)
  A soldier ant (D:9)
  17 water moccasins
  10 porcupines
  6 orc warriors
  2 swamp drakes (Lair:6)
  A sky beast (D:14)
  3 necrophages
  4 ice beasts
  2 phantoms (D:4)
  2 boggarts (D:14)
  An eye of draining (shapeshifter) (D:14)
  9 ogres
  4 wolves
  12 centaurs
  26 crocodiles
  11 big kobolds
  12 bullfrogs
  3 gnoll sergeants (D:9)
  A water moccasin zombie (D:9)
  A water moccasin skeleton (D:8)
  2 wyvern skeletons
  4 scorpions
  13 wights
  30 killer bees
  2 vampire bats (D:10)
  A howler monkey (D:3)
  2 electric eels
  6 crimson imps
  5 bullfrog zombies
  2 bullfrog skeletons
  4 centaur zombies
  5 orc priests
  9 hounds
  13 jellies
  10 orc wizards
  8 centaur skeletons
  2 human zombies (Ossuary)
  Jessica (D:3)
  5 iguanas
  Natasha (thrice) (D:3)
  16 worker ants
  A hell rat (Lair:4)
  2 killer bee zombies
  A big kobold zombie (Ossuary)
  2 hound zombies
  A worker ant zombie (D:8)
  3 mummies
  9 gnolls
  8 adders
  5 shadow imps
  14 oozes
  An adder zombie (D:6)
  An adder skeleton (D:8)
  2 worms
  A dart slug (D:1)
  7 leopard geckos
  48 orcs
  6 giant cockroaches
  A gnoll zombie (Ossuary)
  10 goblins
  7 hobgoblins
  9 jackals
  4 quokkas
  5 ball pythons
  15 bats
  10 frilled lizards
  A hobgoblin zombie (Ossuary)
  26 kobolds
  A kobold zombie (Ossuary)
  A leopard gecko skeleton (D:6)
  A leopard gecko zombie (D:9)
  An orc zombie (Ossuary)
  A quokka skeleton (D:4)
  A quokka zombie (D:8)
  5 rats
  A butterfly (Lair:4)
741 creatures vanquished.

Vanquished Creatures (collateral kills)
  A water moccasin (Lair:3)
1 creature vanquished.

Vanquished Creatures (others)
  2 killer bees (Lair:4)
  35 fungi
  15 plants
52 creatures vanquished.

Grand Total: 794 creatures vanquished

Notes
Turn   | Place    | Note
-------+----------+-------------------------------------------
     0 | D:1      | PentaManta the Kobold Hunter began the quest for the Orb.
     0 | D:1      | Reached XP level 1. HP: 12/12 MP: 1/1
    19 | D:1      | Reached skill level 5 in Crossbows
    19 | D:1      | Reached XP level 2. HP: 17/17 MP: 2/2
   353 | D:1      | Reached XP level 3. HP: 21/21 MP: 3/3
   876 | D:1      | Reached XP level 4. HP: 26/26 MP: 4/4
  1790 | D:3      | Noticed Natasha
  1793 | D:3      | Killed Natasha
  1793 | D:3      | Reached skill level 5 in Dodging
  1793 | D:3      | Reached XP level 5. HP: 30/30 MP: 5/5
  1944 | D:3      | Noticed Natasha
  1953 | D:3      | Killed Natasha
  1956 | D:3      | Noticed Natasha
  1965 | D:3      | Killed Natasha
  1965 | D:3      | Reached skill level 6 in Crossbows
  2242 | D:3      | Noticed Jessica
  2244 | D:3      | Killed Jessica
  2244 | D:3      | Reached XP level 6. HP: 16/35 MP: 6/6
  3028 | D:4      | Noticed a phantom
  3421 | D:4      | Killed a phantom
  3421 | D:4      | Reached XP level 7. HP: 13/40 MP: 7/7
  4083 | D:4      | Reached skill level 7 in Crossbows
  4357 | D:5      | Entered Level 5 of the Dungeon
  4499 | D:5      | Reached XP level 8. HP: 44/44 MP: 8/8
  4695 | D:5      | Reached skill level 8 in Crossbows
  5552 | D:5      | Noticed Grinder
  6388 | D:5      | Reached skill level 10 in Dodging
  6445 | D:5      | Killed Grinder
  6445 | D:5      | Reached XP level 9. HP: 26/48 MP: 9/9
  6790 | D:6      | Reached skill level 9 in Crossbows
  6794 | D:6      | Identified the +0 flail "Hellblazer" {crush, +Inv rPois
                  | Str-5}
  6926 | D:6      | Identified a scroll of acquirement
  6927 | D:6      | Got a fine steel amulet
  6929 | D:6      | Identified the amulet "Wecik" {RegenMP *Corrode Str+5 Dex+4
                  | Slay+3} (You acquired it on level 6 of the Dungeon)
  6955 | D:6      | Got a pitted hand axe
  6972 | D:6      | Identified the +7 hand axe of Axujoomo {chop, rPois} (You
                  | found it on level 6 of the Dungeon)
  7033 | D:6      | Found a sand-covered staircase.
  7247 | Ossuary  | Entered an ossuary
  7766 | D:6      | Reached skill level 10 in Crossbows
  8204 | D:7      | Found a staircase to the Ecumenical Temple.
  8226 | D:7      | Reached XP level 10. HP: 56/56 MP: 10/10
  8380 | Temple   | Entered the Ecumenical Temple
  8522 | Temple   | Became a worshipper of Warmaster Okawaru
  8598 | D:7      | Found a runed translucent door.
  8598 | D:7      | Noticed Abelaar's ghost (novice TrFi)
  8644 | D:7      | Reached skill level 5 in Stealth
  8902 | D:7      | Killed Abelaar's ghost
  8902 | D:7      | Reached * piety under Okawaru
  8902 | D:7      | Reached skill level 5 in Fighting
  9107 | D:7      | Reached ** piety under Okawaru
  9127 | D:7      | HP: 2/60 [acid (9)]
  9801 | D:8      | Noticed Erica
  9808 | D:8      | Killed Erica
  9808 | D:8      | Reached XP level 11. HP: 66/66 MP: 11/11
 10110 | D:8      | Reached *** piety under Okawaru
 10535 | D:9      | Noticed Prince Ribbit
 10539 | D:9      | Killed Prince Ribbit
 10555 | D:9      | Got a slimy rapier
 10556 | D:9      | Identified the cursed +1 rapier of the Bear {pierce, rC+
                  | rN+ Dex+3} (You found it on level 9 of the Dungeon)
 10987 | D:9      | Reached skill level 10 in Stealth
 11474 | D:9      | Found a burning altar of Makhleb.
 11683 | D:9      | Found a staircase to the Orcish Mines.
 11849 | D:10     | Entered Level 10 of the Dungeon
 12058 | D:10     | Noticed a two-headed ogre
 12064 | D:10     | Killed a two-headed ogre
 12064 | D:10     | Reached **** piety under Okawaru
 13360 | Orc:1    | Entered Level 1 of the Orcish Mines
 13711 | D:11     | Killed an unseen horror
 13711 | D:11     | Reached XP level 12. HP: 32/76 MP: 12/12
 13998 | D:11     | Received a gift from Okawaru
 14099 | D:11     | Found a staircase to the Lair.
 15081 | D:12     | Reached skill level 10 in Fighting
 15081 | D:12     | Reached skill level 1 in Armour
 15190 | D:12     | Reached ***** piety under Okawaru
 15801 | D:13     | Found a glowing golden altar of the Shining One.
 15922 | D:13     | Received a gift from Okawaru
 16011 | D:13     | Noticed an ogre mage
 16105 | D:13     | Received a gift from Okawaru
 16490 | D:13     | Killed an ogre mage
 16541 | D:13     | Noticed a two-headed ogre
 16777 | D:13     | Killed a two-headed ogre
 16849 | D:13     | Reached skill level 5 in Armour
 16849 | D:13     | Reached XP level 13. HP: 84/84 MP: 13/13
 17116 | D:13     | Found a gate to the Vaults.
 17456 | D:13     | Noticed a centaur warrior
 17462 | D:13     | Killed a centaur warrior
 17462 | D:13     | Reached skill level 15 in Dodging
 17726 | D:14     | Reached skill level 11 in Crossbows
 17886 | D:14     | Reached skill level 12 in Crossbows
 17935 | D:14     | Received a gift from Okawaru
 18047 | D:14     | Noticed a centaur warrior
 18557 | D:14     | Reached skill level 13 in Crossbows
 19079 | D:14     | Received a gift from Okawaru
 19255 | Lair:1   | Entered Level 1 of the Lair of Beasts
 19311 | Lair:1   | Reached ****** piety under Okawaru
 19319 | Lair:1   | Reached XP level 14. HP: 75/90 MP: 14/14
 19387 | Lair:1   | Received a gift from Okawaru
 19387 | Lair:1   | Reached skill level 14 in Crossbows
 20252 | Lair:2   | Received a gift from Okawaru
 20549 | Lair:2   | Found a glowing golden altar of the Shining One.
 20561 | Lair:2   | Reached skill level 15 in Crossbows
 20602 | Lair:2   | Noticed Fannar
 20619 | Lair:2   | Killed Fannar
 20619 | Lair:2   | Received a gift from Okawaru
 21414 | Lair:2   | Received a gift from Okawaru
 21917 | Lair:3   | Noticed Gastronok
 21933 | Lair:3   | Killed Gastronok
 21933 | Lair:3   | Reached skill level 16 in Crossbows
 22219 | Lair:3   | Found a hole to the Spider Nest.
 22405 | Lair:3   | Noticed Nergalle
 22419 | Lair:3   | Killed Nergalle
 23030 | Lair:4   | Reached skill level 17 in Crossbows
 23074 | Lair:4   | Received a gift from Okawaru
 23865 | Lair:4   | Reached XP level 15. HP: 95/95 MP: 15/15
 23943 | Lair:4   | Found a staircase to the Shoals.
 24678 | Lair:5   | Reached skill level 18 in Crossbows
 24940 | Lair:5   | Found a viscous altar of Jiyva.
 24957 | Lair:5   | Found a staircase to the Slime Pits.
 25390 | Lair:6   | Entered Level 6 of the Lair of Beasts
 25826 | Lair:6   | Received a gift from Okawaru
 26302 | Lair:6   | Received a gift from Okawaru
 26398 | Lair:6   | Received a gift from Okawaru
 27042 | Shoals:1 | Entered Level 1 of the Shoals
 27139 | Shoals:1 | Noticed Frances
 27149 | Shoals:1 | HP: 2/97 [merfolk impaler/+2 vampiric trident (15)]
 27303 | Spider:1 | Entered Level 1 of the Spider Nest
 27394 | Spider:1 | Reached XP level 16. HP: 71/103 MP: 16/16
 28347 | Spider:2 | Received a gift from Okawaru
 28806 | Spider:2 | Noticed Azrael
 28816 | Spider:2 | Killed Azrael
 28820 | Spider:2 | HP: 5/104 [fire elemental[Azrael] (13)]
 28821 | Spider:2 | Slain by a hell hound

Skill      XL: |  1  2  3  4  5  6  7  8  9 10 11 12 13 14 15 16 |
---------------+-------------------------------------------------+-----
Crossbows      | 5 6 7 8 10 13 17 18 | 18.0
Dodging        | 3 4 5 7 8 10 12 13 14 15 16 | 16.6
Stealth        | 3 8 11 12 13 | 13.7
Fighting       | 3 6 9 10 11 12 13 | 13.2
Armour         | 5 6 7 8 |  8.2

Action                   |  1- 3 |  4- 6 |  7- 9 | 10-12 | 13-15 | 16-18 || total
-------------------------+-------+-------+-------+-------+-------+-------++-------
Melee: Short sword       |    12 |   110 |    34 |    11 |     2 |       ||   169
       Hand axe          |       |       |    71 |   136 |       |     5 ||   212
       Punch             |       |       |       |     1 |       |       ||     1
 Fire: Hand crossbow     |    59 |   128 |   284 |   647 |   474 |    14 ||  1606
       Arbalest          |       |       |       |       |   828 |   197 ||  1025
       Triple crossbow   |       |       |       |       |       |     2 ||     2
Throw: Tomahawk          |       |     4 |     1 |       |       |       ||     5
       Stone             |       |     3 |    20 |     6 |       |       ||    29
       Throwing net      |       |       |       |     1 |       |       ||     1
Invok: Heroism           |       |       |       |     5 |    15 |     1 ||    21
       Finesse           |       |       |       |       |     3 |     1 ||     4
 Abil: Evoke Invisibilit |       |       |       |     2 |       |       ||     2
Evoke: Wand              |       |       |       |     1 |     1 |       ||     2
  Use: Scroll            |       |       |    21 |     6 |    14 |    10 ||    51
       Potion            |       |       |       |     5 |    12 |     4 ||    21
 Stab: Sleeping          |       |     4 |     2 |     1 |       |       ||     7
       Distracted        |       |     1 |       |       |       |       ||     1
  Eat: Chunk             |       |     8 |    13 |    29 |    29 |       ||    79
       Ration            |       |       |     3 |     1 |       |       ||     4
Armor: Leather armour    |     3 |    41 |    25 |    34 |       |       ||   103
       Troll leather arm |       |       |       |    10 |   100 |    30 ||   140
Dodge: Dodged            |    19 |   166 |   237 |   447 |   989 |   204 ||  2062
